 Dungeon Crawl Stone Soup version 0.19.0-19-g8c6edcc (webtiles) character file.

1542 tboon the Shield-Bearer (level 9, -7/71 HPs)
             Began as a Formicid Fighter on Nov 14, 2016.
             Was a Believer of Okawaru.
             Killed from afar by an electric eel (8 damage)
             ... with a bolt of electricity
             ... on level 6 of the Dungeon.
             The game lasted 00:15:08 (5433 turns).

tboon the Shield-Bearer (Formicid Fighter)          Turns: 5433, Time: 00:15:08

Health: -7/71      AC: 17    Str: 20    XL:     9   Next: 11%
Magic:  18/18      EV:  5    Int:  9    God:    Okawaru [**....]
Gold:   378        SH: 10    Dex: 13    Spells: 0 memorised, 8 levels left

rFire  . . .     SeeInvis +     a - +1 war axe
rCold  . . .     Gourm    .     F - +0 plate armour
rNeg   + . .     Faith    .     c - +0 shield
rPois  .         Spirit   .     (helmet unavailable)
rElec  .         Reflect  .     x - +2 cloak
rCorr  .         Harm     .     (no gloves)
MR     .....                    E - +0 pair of boots
Stlth  ..........               (no amulet)
                                H - ring of positive energy {rN+}
                                B - ring of magical power {MP+9}

@: no status effects
A: permanent stasis, dig shafts and tunnels, four strong arms, antennae 3
a: Dig, Shaft Self, Heroism, Renounce Religion


You were on level 6 of the Dungeon.
You worshipped Okawaru.
Okawaru was pleased with you.
You were not hungry.

You visited 2 branches of the dungeon, and saw 7 of its levels.

You collected 378 gold pieces.

Inventory:

Hand Weapons
 a - a +1 war axe (weapon)
Missiles
 v - a throwing net {=f, !d}
Armour
 c - a +0 shield (worn)
 x - a +2 cloak (worn)
   (You found it on level 3 of the Dungeon)
 E - a +0 pair of boots (worn)
   (You found it on level 5 of the Dungeon)
 F - a +0 plate armour (worn)
   (You found it on level 6 of the Dungeon)
Jewellery
 B - a ring of magical power (left hand) {MP+9}
   (You found it on level 5 of the Dungeon)
 H - a ring of positive energy (right hand) {rN+}
   (You found it on level 5 of the Dungeon)
Wands
 C - a wand of lightning (5/15)
   (You found it on level 5 of the Dungeon)
Scrolls
 e - a scroll of fog {unknown}
 h - 2 scrolls of enchant weapon
 q - 2 scrolls of remove curse
 s - 2 scrolls of identify
 w - a scroll of amnesia {unknown}
 y - a scroll of random uselessness {unknown}
 z - 2 scrolls of immolation {unknown}
 D - a scroll of teleportation {unknown}
Potions
 b - a potion of curing
 d - a potion of might
 g - a potion of resistance {unknown}
 k - 2 potions of cure mutation {unknown}
 l - a potion of brilliance {unknown}
 m - a potion of beneficial mutation {unknown}
 n - a potion of degeneration {unknown}
 o - a potion of flight {unknown}
 p - a potion of heal wounds {unknown}
 r - 2 potions of agility
 t - a potion of invisibility {unknown}
 A - a potion of ambrosia {unknown}
Books
 I - a book of Maledictions
   (You found it on level 5 of the Dungeon)
Comestibles
 f - 3 bread rations
 i - 3 meat rations
 j - a beef jerky
 u - a fruit
 G - 3 chunks of flesh


   Skills:
 + Level 6.4 Fighting
 * Level 6.6 Axes
 + Level 6.4 Armour
 + Level 6.8 Shields


You had 8 spell levels left.
You didn't know any spells.

Dungeon Overview and Level Annotations

Branches:
Dungeon (6/15)             Temple (1/1) D:4

Altars:
Ashenzari
Cheibriados
Dithmenos
Elyvilon
Fedhas
Gozag
Hepliaklqana
Kikubaaqudgha
Makhleb
Nemelex Xobeh
Okawaru
Ru
Sif Muna
Trog
Uskayaw
Vehumet
Xom
Yredelemnul
Zin
The Shining One


Innate Abilities, Weirdness & Mutations

You are under a permanent stasis effect.
You can dig through walls and to a lower floor.
Your four strong arms can wield two-handed weapons with a shield.
You have a pair of large antennae on your head. (SInv)


Message History

a flail; a scimitar; a chain mail; an orc corpse You butcher the orc corpse.
G - 4 chunks of flesh
Things that are here:
a flail; a scimitar; a chain mail A killer bee comes into view.
You see here 2 tomahawks.
The killer bee buzzes angrily.
Items here: )) [ † a short sword; a hand axe; a chain mail; an orc corpse You see here 2 tomahawks.
The killer bee stings you but does no damage.
You barely miss the killer bee. You block the killer bee's attack.
The killer bee closely misses you.
You closely miss the killer bee. You block the killer bee's attack. x2
You closely miss the killer bee. The killer bee barely misses you.
The killer bee stings you.
You are poisoned.
The killer bee poisons you!
You slash the killer bee!
You kill the killer bee!
Okawaru accepts your kill.
You feel sick.
You feel sick.
Items here: )) [ † a short sword; a hand axe; a chain mail; an orc corpse You are feeling hungry.
You feel sick.
Things that are here:
a dagger; an orc corpse; a leopard gecko corpse You feel sick.
Items here: )) [ † a short sword; a hand axe; a chain mail; an orc corpse You see here 2 tomahawks.
You start resting.
Eating one of 4 chunks of flesh.
You start eating one of the 4 chunks of flesh.
You feel sick.
This raw flesh tastes terrible.
You feel sick. x7
You are no longer poisoned.
You start resting.
HP restored.
Items here: )) [ † a short sword; a hand axe; a chain mail; an orc corpse
Things that are here:
a dagger; an orc corpse; a leopard gecko corpse The electric eel shoots out a bolt of lightning at you!
The bolt of electricity hits you! x2
An orc wizard comes into view. It is wielding a dagger.
The orc wizard shouts!
An electric eel comes into view.
The electric eel shoots out a bolt of lightning at you!
The bolt of electricity hits the plant.
The bolt of electricity hits the electric eel.
The electric eel completely resists.
The bolt of electricity hits you! The orc wizard casts a spell at you.
The puff of frost hits you!
You barely miss the electric eel.
The orc shouts!
You hit the plant.
The electric eel shoots out a bolt of lightning at you!
The bolt of electricity hits you!
The electric eel shoots out a bolt of lightning at you!
The bolt of electricity hits the plant.
The bolt of electricity hits the electric eel.
The electric eel completely resists.
The bolt of electricity hits you!
The electric eel shoots out a bolt of lightning at you!
The bolt of electricity hits the plant.
The bolt of electricity hits you!
You miss the electric eel. You hit the plant but do no damage.
The electric eel shoots out a bolt of lightning at you!
The bolt of electricity hits the plant.
The bolt of electricity hits the electric eel.
The electric eel completely resists.
The bolt of electricity hits you!
The electric eel shoots out a bolt of lightning at you!
The bolt of electricity hits you!
The electric eel shoots out a bolt of lightning at you!
The bolt of electricity hits the plant.
The bolt of electricity hits the electric eel.
The electric eel completely resists.
The bolt of electricity hits you!
* * * LOW HITPOINT WARNING * * *
The electric eel shoots out a bolt of lightning at you!
The bolt of electricity hits the plant.
The bolt of electricity hits you!
* * * LOW HITPOINT WARNING * * *
Your plate armour prevents you from hitting the electric eel.
You hit the plant but do no damage.
The electric eel shoots out a bolt of lightning at you!
The bolt of electricity hits the plant.
The bolt of electricity hits the electric eel.
The electric eel completely resists.
The bolt of electricity hits you!
* * * LOW HITPOINT WARNING * * *
Your plate armour prevents you from hitting the electric eel.
You hit the plant. You barely miss the electric eel.
You hit the plant but do no damage.
The electric eel shoots out a bolt of lightning at you!
The bolt of electricity hits you!
* * * LOW HITPOINT WARNING * * *
The electric eel shoots out a bolt of lightning at you!
The bolt of electricity hits the electric eel.
The electric eel completely resists.
The bolt of electricity hits you!
You die...

#### #.♣≈P≈≈≈≈≈≈≈P≈ ...#
..≈≈≈≈≈≈P≈≈≈≈ ...#
#.≈≈≈≈≈;≈≈o≈≈ ...#
#..#.≈≈≈PP≈≈≈≈≈P ...#
#..#.≈≈≈≈≈≈;≈≈≈≈ ...#
#....≈≈≈≈≈.≈≈≈≈≈ ...#
#....PP.;P.oP..≈ ...###
#.#.....@.....). >....#
#.#.............
.....####...............
.[................+.....
.#.#♣≈.♣♣..##.#.###.....
.#.#♣♣≈.♣####.#.# ....
.#.#♣♣≈♣♣ #.#.# ###
.♣♣.♣♣≈♣ #.#.# ♣♣♣♣♣♣≈♣♣
♣♣♣.#)#


You could see 3 electric eels, an orc wizard and an orc.

Vanquished Creatures
  Menkaure (D:5)
  An orc warrior (D:6)
  A sky beast (D:6)
  An ice beast (D:5)
  2 phantoms
  2 ogres
  Blork the orc (D:6)
  2 bullfrogs
  2 scorpions
  A killer bee (D:6)
  2 howler monkeys
  A crimson imp (D:5)
  2 hounds
  A centaur skeleton (D:5)
  An orc wizard (D:5)
  An iguana (D:6)
  A worker ant (D:4)
  6 adders
  A shadow imp (D:5)
  2 adder skeletons (D:5)
  5 worms
  2 dart slugs (D:1)
  4 leopard geckos
  19 orcs
  5 giant cockroaches
  6 hobgoblins
  7 jackals (D:3)
  4 quokkas
  3 ball pythons
  5 bats
  5 frilled lizards
  5 goblins
  A jackal zombie (D:6)
  3 kobolds (D:1)
  A leopard gecko skeleton (D:4)
  A quokka zombie (D:5)
  2 rats
110 creatures vanquished.

Notes
Turn   | Place    | Note
-------+----------+-------------------------------------------
     0 | D:1      | tboon the Formicid Fighter began the quest for the Orb.
     0 | D:1      | Reached XP level 1. HP: 18/18 MP: 1/1
    77 | D:1      | Reached XP level 2. HP: 21/24 MP: 2/2
   732 | D:1      | Found a shimmering altar of Xom.
   734 | D:1      | Found a hazy altar of Hepliaklqana.
   734 | D:1      | Found a glowing silver altar of Zin.
   736 | D:1      | Found a sparkling altar of Nemelex Xobeh.
   736 | D:1      | Found a hide-covered altar of Uskayaw.
   736 | D:1      | Found a burning altar of Makhleb.
   743 | D:1      | Reached skill level 4 in Shields
   806 | D:2      | Reached XP level 3. HP: 29/29 MP: 3/3
   989 | D:2      | Found a hazy altar of Hepliaklqana.
   989 | D:2      | Found a radiant altar of Vehumet.
  1053 | D:2      | Reached XP level 4. HP: 34/37 MP: 4/4
  1181 | D:2      | Found a deep blue altar of Sif Muna.
  1550 | D:3      | Found a glowing golden altar of the Shining One.
  1587 | D:3      | Found a blossoming altar of Fedhas.
  1672 | D:3      | Found a sacrificial altar of Ru.
  1731 | D:3      | Reached skill level 4 in Fighting
  1767 | D:3      | Reached skill level 4 in Armour
  1921 | D:3      | Reached XP level 5. HP: 28/42 MP: 5/5
  2537 | D:4      | Reached skill level 3 in Axes
  2737 | D:4      | Found a staircase to the Ecumenical Temple.
  2741 | D:4      | Found a glowing silver altar of Zin.
  2747 | Temple   | Entered the Ecumenical Temple
  2825 | Temple   | Became a worshipper of Warmaster Okawaru
  2865 | D:4      | Noticed a phantom
  2907 | D:4      | Killed a phantom
  2907 | D:4      | Reached XP level 6. HP: 44/49 MP: 6/6
  2954 | D:4      | Reached skill level 5 in Shields
  3177 | D:5      | Entered Level 5 of the Dungeon
  3228 | D:5      | Found a shimmering altar of Xom.
  3391 | D:5      | Reached skill level 5 in Fighting
  3391 | D:5      | Reached skill level 4 in Axes
  3394 | D:5      | Reached XP level 7. HP: 56/56 MP: 7/7
  3410 | D:5      | Noticed Menkaure
  3423 | D:5      | Killed Menkaure
  3698 | D:5      | Reached * piety under Okawaru
  3698 | D:5      | Reached skill level 5 in Armour
  3772 | D:5      | Reached skill level 5 in Axes
  3791 | D:5      | Reached XP level 8. HP: 39/63 MP: 8/8
  3982 | D:5      | Reached skill level 6 in Shields
  4840 | D:6      | Noticed Blork the orc
  4847 | D:6      | HP: 14/64 [ogre/giant club (13)]
  4848 | D:6      | Reached skill level 6 in Fighting
  4848 | D:6      | Reached skill level 6 in Axes
  4853 | D:6      | HP: 12/64 [Blork the orc/magic dart (1)]
  4857 | D:6      | Killed Blork the orc
  4857 | D:6      | Reached ** piety under Okawaru
  4857 | D:6      | Reached skill level 6 in Armour
  5172 | D:6      | Reached XP level 9. HP: 69/69 MP: 9/9
  5430 | D:6      | HP: 13/71 [electric eel/bolt of electricity (8)]
  5431 | D:6      | HP: 2/71 [electric eel/bolt of electricity (11)]
  5433 | D:6      | Killed from afar by an electric eel

Skill      XL: |  1  2  3  4  5  6  7  8 |
---------------+-------------------------+-----
Shields        | 4 5 6 |  6.8
Fighting       | 4 5 6 |  6.4
Armour         | 4 5 6 |  6.4
Axes           | 3 4 5 6 |  6.6

Action                   |  1- 3 |  4- 6 |  7- 9 || total
-------------------------+-------+-------+-------++-------
Melee: War axe           |    66 |   227 |   174 ||   467
Throw: Throwing net      |     2 |     5 |       ||     7
Invok: Heroism           |       |       |     1 ||     1
  Use: Scroll            |       |     4 |     1 ||     5
       Potion            |       |       |     2 ||     2
  Eat: Chunk             |       |     7 |     6 ||    13
       Pizza             |       |     1 |       ||     1
       Fruit             |       |       |     1 ||     1
Armor: Scale mail        |     9 |       |       ||     9
       Chain mail        |    25 |   113 |    36 ||   174
       Plate armour      |       |       |    30 ||    30
Dodge: Dodged            |    17 |    60 |    29 ||   106
Block: Shield            |    30 |   125 |    87 ||   242

Vault maps used:
D:1:      grunt_arrival_lava_bath, doesnt_xom_only_xom
D:2:      lemuel_blue_sif_altar, gammafunk_temple_overflow_elements,
          first_bread, minivault_27, st_stairs_4, item_on_display_b
D:3:      lemuel_round_altar, fedhas_altar_1, lemuel_tele_altar
D:4:      kennysheep_mini
D:5:      marbit_many_paths, uniq_menkaure
D:6:      serial_bayou, serial_bayou_shore_a, serial_bayou_pond_a,
          serial_bayou_crossing, serial_bayou_pond_e, uniq_sigmund,
          uniq_blork_the_orc
Temple:   eino_narrow_crystal_temple

Table legend:
 A = Turns spent in this place as a percentage of turns spent in the entire game.
 B = Non-inter-level travel turns spent in this place as a percentage of non-inter-level travel turns spent in the entire game.
 C = Inter-level travel turns spent in this place as a percentage of turns spent in this place.
 D = Turns resting spent in this place as a percentage of non-inter-level travel turns spent in this place.
 E = Turns spent auto-exploring this place as a percentage of non-inter-level travel turns spent in this place.
 F = Non-inter-level travel turns spent in this place divided by the number of levels of this place that you've seen.
                   A       B       C       D       E      F
               +-------+-------+-------+-------+-------+----------------------
         Total | 100.0 | 100.0 |   0.5 |   2.1 |  15.4 | 180.1
       Dungeon |  98.9 |  99.0 |   0.4 |   2.1 |  15.2 | 208.0
        Temple |   1.1 |   1.0 |   7.1 |   0.0 |  30.8 |  13.0
               +-------+-------+-------+-------+-------+----------------------

Table legend:
 A = Kills in this place as a percentage of kills in entire the game.
 B = Kills by you in this place as a percentage of kills by you in the entire game.
 C = Kills by friends in this place as a percentage of kills by friends in the entire game.
 D = Other kills in this place as a percentage of other kills in the entire game.
 E = Experience gained in this place as a percentage of experience gained in the entire game.
 F = Experience gained in this place divided by the number of levels of this place that you have seen.
                   A       B       C       D       E      F
               +-------+-------+-------+-------+-------+----------------------
         Total | 100.0 | 100.0 |  -nan |  -nan | 100.0 | 314.9
       Dungeon | 100.0 | 100.0 |  -nan |  -nan | 100.0 | 367.3
               +-------+-------+-------+-------+-------+----------------------
